 Dungeon Crawl Stone Soup version 0.23-a0-38-g6d804a8 (webtiles) character file.

51 Amnesiac the Digger (level 3, -1/24 HPs)
             Began as a Mummy Earth Elementalist on Aug 5, 2018.
             Slain by Edmund
             ... wielding a +0 flail of holy wrath
              (4 damage)
             ... on level 4 of the Dungeon.
             The game lasted 00:01:49 (504 turns).

Amnesiac the Digger (Mummy Earth Elementalist)       Turns: 504, Time: 00:01:50

Health: -1/24      AC:  6    Str: 11    XL:     3   Next: 57%
Magic:  2/7        EV: 12    Int: 15    God:
Gold:   0          SH:  0    Dex: 12    Spells: 2/8 levels left

rFire    x . .     SeeInvis .   a - +1 dagger (venom)
rCold    + + .     Gourm    .   (no shield)
rNeg     + + +     Faith    .   c - +1 robe
rPois    ∞         Spirit   .   e - +2 helmet
rElec    .         Reflect  .   (no cloak)
rCorr    .         Harm     .   (no gloves)
MR       .....                  (no boots)
Stlth    ++........             (no amulet)
HPRegen  0.08/turn              f - ring of protection from cold
MPRegen  0.10/turn              (no ring)

@: no status effects
A: no food or potions, fire vulnerability, cold resistance 1, negative energy
resistance 3, torment resistance, unbreathing
a: no special abilities


You were on level 4 of the Dungeon.
You were not hungry.

You visited 1 branch of the dungeon, and saw 4 of its levels.
You also visited: Ossuary.

Inventory:

Hand Weapons
 a - a +1 dagger of venom (weapon)
 b - a +1 mace of crushing
Missiles
 d - 36 stones (quivered)
Armour
 c - a +1 robe (worn)
 e - a +2 helmet (worn)
Jewellery
 f - a ring of protection from cold (left hand)


   Skills:
 - Level 1.5 Dodging
 - Level 1.5 Stealth
 + Level 3.4 Spellcasting
 - Level 0.7 Transmutations
 * Level 3.5 Earth Magic


You had 2 spell levels left.
You knew the following spells:

 Your Spells              Type           Power        Failure   Level  Hunger
a - Sandblast             Erth           ##....       4%          1    N/A
b - Passwall              Tmut/Erth      #.......     12%         2    N/A
c - Stone Arrow           Conj/Erth      #.....       28%         3    N/A

Your spell library contained the following spells:

 Spells                   Type           Power        Failure   Level  Hunger
 Lee's Rapid Deconstruct  Erth           ##........   77%         5    N/A
 Petrify                  Tmut/Erth      #.......     63%         4    N/A

Dungeon Overview and Level Annotations

Branches:
Dungeon (4/15)
 Temple: D:4-7

Altars:
Ashenzari
Cheibriados
Nemelex Xobeh
Sif Muna
Trog
Uskayaw
Wu Jian

Annotations:
D:4 Edmund, Menkaure


Innate Abilities, Weirdness & Mutations

You do not eat or drink.
Your flesh is vulnerable to fire.
You are immune to poison.
Your flesh is cold resistant. (rC+)
You are immune to negative energy. (rN+++)
You are immune to unholy pain and torment.
You can survive without breathing.


Message History

Confirm with . or Enter, or press ? or * to list all spells.
You don't have enough magic to cast that spell.
The bog mummy casts a spell at you. You resist with some effort.
Welcome back to the Dungeon!
Level annotation: Edmund The giant cockroach bites you but does no damage.
The ogre completely misses you.
The giant cockroach bites you but does no damage.
There is a collapsed entrance here.
Casting: Sandblast (safe; 4% risk of failure)
Confirm with . or Enter, or press ? or * to list all spells.
Aiming: Sandblast (safe; 4% risk of failure)
Press: ? - help, Shift-Dir - straight line, f - you
Okay, then.
Menkaure, Prince of Dust comes into view.
Menkaure shouts!
Casting: Sandblast (safe; 4% risk of failure)
Confirm with . or Enter, or press ? or * to list all spells.
You don't know that spell.
Unknown command.
The giant cockroach closely misses you.
The worker ant twitches its antennae in your direction.
The giant cockroach bites you but does no damage.
Menkaure wails, "Why can't you leave me to my rest?"
Okay, then.
You hit Edmund.
Edmund is lightly wounded.
The giant cockroach waves its antennae.
The giant cockroach completely misses you. x2
Edmund barely misses you.
You hit Edmund but do no damage.
Edmund is poisoned.
Edmund is lightly wounded.
The giant cockroach closely misses you.
You barely miss Edmund.
Edmund is lightly wounded.
Edmund barely misses you. The giant cockroach bites you.
Menkaure casts a spell.
Menkaure seems to speed up.
You closely miss Edmund.
Edmund is lightly wounded.
The giant cockroach closely misses you. Edmund hits you but does no damage.
You hit Edmund.
Edmund looks as sick as possible!
Edmund is lightly wounded.
The giant cockroach closely misses you. Edmund misses you.
You hit Edmund.
Edmund looks as sick as possible!
Edmund is moderately wounded.
The giant cockroach bites you but does no damage.
Edmund hits you with a flail of holy wrath!
You convulse!
* * * LOW HITPOINT WARNING * * *
The giant cockroach bites you.
* * * LOW HITPOINT WARNING * * *
The giant cockroach closely misses you.
Press: ? - help, v - describe, . - travel
Here: Edmund, wielding a flail of holy wrath and wearing a leather armour (moderately wounded, poisoned)
The floor.
Really read
g - a scroll labeled WOERIG XISTAI {!r}?
As you read the scroll labeled WOERIG XISTAI {!r}, it crumbles to dust.
It is a scroll of enchant armour.
Your +0 robe glows green for a moment.
The giant cockroach completely misses you.
Edmund hits you with a flail of holy wrath.
You die...

.._.##...# .
.....#...#
8....#...#
@........######
.._O..........#
_...###...?...#
..#.##...###..#
...........#.!####
?#............@@#
#.#......#.#..##s#
...#.#........##O#
...#.#......!###O#
##
#.##.##.#O..Ma##
#. #.#.MZZM.# ..
..#.).#..# .
..###.#...... #.
.. #.#...##.#


You could see Edmund, 2 ogres, Menkaure, a bog mummy, a worker ant, a worm
zombie and a giant cockroach.

Vanquished Creatures
  A mummy (Ossuary)
  Robin (D:2)
  A worm (D:3)
  2 leopard geckos
  A ball python (D:4)
  10 goblins (D:2)
  3 hobgoblins
  A kobold (D:3)
  A rat (D:1)
21 creatures vanquished.

Vanquished Creatures (others)
  A withered plant (Ossuary)
1 creature vanquished.

Grand Total: 22 creatures vanquished

Notes
Turn   | Place    | Note
-------+----------+-------------------------------------------
     0 | D:1      | Amnesiac the Mummy Earth Elementalist began the quest for the Orb.
     0 | D:1      | Reached XP level 1. HP: 13/13 MP: 4/4
    77 | D:2      | Found a shattered altar of Ashenzari.
   117 | D:2      | Reached XP level 2. HP: 19/19 MP: 0/5
   140 | D:2      | Learned a level 2 spell: Passwall
   177 | D:2      | Noticed Robin
   183 | D:2      | Killed Robin
   258 | D:2      | Reached XP level 3. HP: 17/24 MP: 7/7
   415 | D:3      | Learned a level 3 spell: Stone Arrow
   416 | D:4      | Found a snail-covered altar of Cheibriados.
   416 | D:4      | Noticed an ogre
   416 | D:4      | Noticed an ogre
   417 | D:4      | Found a bloodstained altar of Trog.
   418 | D:4      | Noticed an ogre
   426 | D:4      | Found a hide-covered altar of Uskayaw.
   426 | D:4      | Found a deep blue altar of Sif Muna.
   427 | D:4      | Found a sparkling altar of Nemelex Xobeh.
   427 | D:4      | Found an ornate altar of the Wu Jian Council.
   427 | D:4      | Noticed Edmund
   430 | D:4      | Found a sand-covered staircase.
   439 | Ossuary  | Entered an ossuary
   491 | D:4      | Noticed Menkaure
   504 | D:4      | Slain by Edmund

Vault maps used:
D:1:      minmay_arrival_stone_box, minmay_tall_x
D:2:      first_ration, evilmike_ruin_ashenzari, uniq_robin
D:3:      minmay_misc_feat_x, grunt_ministairs_10, uniq_terence
D:4:      makhleb_heckhound_becter, grunt_temple_overflow_open,
          minmay_temple_entry_statues, enter_ossuary_3, uniq_ijyb,
          uniq_menkaure, uniq_edmund
Ossuary:  ossuary_zaba_flooded

Skill      XL: |  1  2 |
---------------+-------+-----
Spellcasting   | 3 |  3.4
Earth Magic    | 3 |  3.5
Dodging        | |  1.5
Stealth        | |  1.5
Transmutations | |  0.7

Action                   || total
-------------------------++-------
Melee: Mace              ||    10
       Unarmed           ||     1
       Dagger            ||    16
Throw: Stone             ||     1
 Cast: Sandblast         ||    24
  Use: Scroll            ||     1
 Stab: Sleeping          ||     2
Armor: Robe              ||    10
Dodge: Dodged            ||    21

Table legend:
 A = Spawn XP
 B = Non-spawn XP
 C = Spawn XP percentage of total XP
 D = Spawn monster count
 E = Non-spawn monster count
 F = Spawn count percentage of total count
 G = Total turns spent on level
                    A         B        C        D         E        F      G
               +---------+---------+-------+---------+---------+-------+---------
         Total |       0 |      73 |   0.0 |       0 |      21 |   0.0 |   504
               +---------+---------+-------+---------+---------+-------+---------
           D:1 |       0 |       4 |   0.0 |       0 |       2 |   0.0 |    20
           D:2 |       0 |      41 |   0.0 |       0 |      14 |   0.0 |   374
           D:3 |       0 |       8 |   0.0 |       0 |       3 |   0.0 |    22
           D:4 |       0 |       2 |   0.0 |       0 |       1 |   0.0 |    37
       Ossuary |       0 |      18 |   0.0 |       0 |       1 |   0.0 |    51
               +---------+---------+-------+---------+---------+-------+---------
